[Event "Titled Tuesday Blitz June 20 Early 2023"]
[White "Grandelius, Nils"]
[Black "Postny, Evgeny"]
[WhiteFideId "1710400"]
[BlackFideId "2804344"]
[WhiteElo "2573"]
[BlackElo "2504"]
[Result "0-1"]
[Round "10"]
[TimeControl "180+2"]
[Date "2023.06.20"]
[WhiteClock "0:00:04"]
[BlackClock "0:00:41"]
[Board "21"]

1. c4 Nf6 2. Nf3 e6 3. b3 d5 4. Bb2 Be7 5. e3 O-O 6. Nc3 a6 7. Rg1 c5 8. cxd5 exd5 9. d4 Nc6 10. Be2 Bg4 11. dxc5 Bxc5 12. h3 Be6 13. Kf1 Re8 14. Rc1 Ba7 15. Na4 Ne4 16. Bd3 Qe7 17. Nc3 Rad8 18. Ne2 Nxf2 19. Kxf2 Bf5 20. Bxf5 Qxe3+ 21. Ke1 Qf2+ 22. Kd2 Be3+ 23. Kc2 Bxc1 24. Kxc1 Rxe2 25. Rf1 Qe3+ 26. Kb1 Rxg2 27. Re1 Qf2 28. Bc2 Nb4 29. Qd4 Qxc2+ 30. Ka1 Qxb2+ 31. Qxb2 Rxb2 32. Ng5 0-1


[Site "https://www.chess.com"]

[Event "Titled Tuesday Blitz June 20 Early 2023"]
[White "Timerkhanov, Alexander"]
[Black "Srihari L R"]
[WhiteFideId "24177938"]
[BlackFideId "46617116"]
[WhiteElo "2278"]
[BlackElo "2334"]
[Result "1/2-1/2"]
[Round "10"]
[TimeControl "180+2"]
[Date "2023.06.20"]
[WhiteClock "0:00:06"]
[BlackClock "0:00:22"]
[Board "22"]

1. d4 d5 2. Bf4 Nf6 3. e3 c5 4. c3 Nc6 5. Nd2 cxd4 6. exd4 g6 7. Ngf3 Nh5 8. Be3 Bg7 9. Bd3 O-O 10. O-O f5 11. Nb3 Nf6 12. Ne5 Nxe5 13. dxe5 Ng4 14. Bd4 Nxe5 15. Re1 Nf7 16. Bxg7 Kxg7 17. f4 Qd6 18. Qd2 Bd7 19. Nd4 Rfe8 20. Kh1 e5 21. fxe5 Nxe5 22. Be2 Re7 23. Bf3 Rae8 24. Rad1 Bc6 25. h3 Nc4 26. Rxe7+ Qxe7 27. Qf2 Qe3 28. Qg3 Qe5 29. Qf2 Re7 30. Nc2 Nxb2 31. Re1 Qf6 32. Rxe7+ Qxe7 33. Qxa7 Nc4 34. Nb4 Qe1+ 35. Kh2 Qe5+ 36. Kh1 Kh6 37. Qd4 Qxd4 38. cxd4 Nb6 39. h4 Kg7 40. Kg1 Kf6 41. Kf2 Ke6 42. Nd3 Nd7 43. Nf4+ Kd6 44. g4 fxg4 45. Bxg4 Nf6 46. Bf3 Bd7 47. Nd3 b6 48. Ne5 Bf5 49. Ke3 Be4 50. Be2 Ke6 51. a3 h6 52. Bd1 g5 53. hxg5 hxg5 54. Be2 Bf5 55. Bd1 Nd7 56. Nf3 Kf6 57. Bb3 Be6 58. Ne1 Nf8 59. Nd3 Ng6 60. Bd1 Ne7 61. Ne5 Nf5+ 62. Kd3 Nh6 63. Ke3 Nf5+ 64. Kd3 Nd6 65. Bf3 Nc4 66. Nxc4 dxc4+ 67. Kc3 b5 68. d5 Bd7 69. Kd4 g4 70. Bg2 Kf5 71. a4 bxa4 72. Kxc4 Ke5 73. Kb4 g3 74. Ka3 Kd4 75. Kb4 Ke3 76. Ka3 Kf2 77. Be4 g2 78. Bxg2 Kxg2 79. d6 Kf3 80. Kb2 Ke4 81. Ka1 1/2-1/2


[Site "https://www.chess.com"]

[Event "Titled Tuesday Blitz June 20 Early 2023"]
[White "Svane, Rasmus"]
[Black "Morefield, Jason"]
[WhiteFideId "4657101"]
[BlackFideId "30920825"]
[WhiteElo "2601"]
[BlackElo "2171"]
[Result "0-1"]
[Round "10"]
[TimeControl "180+2"]
[Date "2023.06.20"]
[WhiteClock "0:00:06"]
[BlackClock "0:00:12"]
[Board "23"]

1. c4 e5 2. d3 Nf6 3. Nf3 Nc6 4. a3 a5 5. Nc3 d5 6. cxd5 Nxd5 7. e4 Nxc3 8. bxc3 Bc5 9. Be2 O-O 10. O-O a4 11. Bb2 Bg4 12. Nd2 Bxe2 13. Qxe2 Qd7 14. Nf3 Bb6 15. Rfd1 Rfe8 16. d4 Qg4 17. h3 Qg6 18. d5 Na5 19. c4 f6 20. d6 c6 21. Bc3 Nb3 22. Rab1 Bc5 23. Bb4 b6 24. Rd3 Qf7 25. Nh4 Bxb4 26. axb4 Nd4 27. Qa2 b5 28. Rc1 Red8 29. Nf5 Nxf5 30. exf5 Rd7 31. Rd2 bxc4 32. Rxc4 a3 33. Rxc6 Qxa2 34. Rxa2 g6 35. fxg6 hxg6 36. b5 Kf7 37. b6 Ke6 38. Rc3 Rxd6 39. b7 Rb8 40. Rb3 Rd7 41. Raxa3 Rdxb7 42. Ra6+ Kf7 43. Rf3 f5 44. Re3 Re7 45. Rg3 Rg8 46. h4 Re6 47. Ra7+ Kf6 48. Rc3 f4 49. f3 Rg7 50. Ra8 Rf7 51. Kh2 e4 52. fxe4 Rxe4 53. Ra6+ Kf5 54. Rc5+ Kg4 55. Rxg6+ Kxh4 56. Rc8 Re5 57. Rcg8 Rff5 58. R6g7 Rf6 59. Rg4+ Kh5 60. R4g7 Kh6 61. Re7 Rh5+ 62. Kg1 Rg5 63. Kh2 Rxg8 64. Re5 Rgg6 65. Re4 Rg5 66. Re3 Kg6 67. Rf3 Rh5+ 68. Kg1 Rff5 69. Rd3 Rhg5 70. Rd8 f3 71. g4 Rxg4+ 72. Kf2 Rg2+ 73. Kf1 Rgg5 74. Rg8+ Kf7 75. Rb8 f2 76. Rb7+ Ke6 77. Rb6+ Kd5 78. Rb5+ Kc4 79. Rb1 Rg1+ 80. Ke2 Rxb1 81. Ke3 Re1+ 82. Kd2 Rd5+ 83. Kc2 Re2+ 84. Kb1 f1=Q# 0-1


[Site "https://www.chess.com"]

[Event "Titled Tuesday Blitz June 20 Early 2023"]
[White "Petrosian, Karlen"]
[Black "Ibarra Jerez, Jose Carlos"]
[WhiteFideId "4176146"]
[BlackFideId "2226332"]
[WhiteElo "2345"]
[BlackElo "2631"]
[Result "0-1"]
[Round "10"]
[TimeControl "180+2"]
[Date "2023.06.20"]
[WhiteClock "0:00:41"]
[BlackClock "0:01:30"]
[Board "24"]

1. e4 c5 2. Be2 Nc6 3. f4 e6 4. Nf3 d5 5. d3 Bd6 6. c3 f6 7. O-O Qc7 8. g3 Nge7 9. a4 O-O 10. Na3 a6 11. Nc2 b6 12. Rf2 Bd7 13. Bf1 Rae8 14. Bg2 Na5 15. Be3 c4 16. exd5 Nxd5 17. Bd4 Nb3 18. Ra2 cxd3 19. Nce1 Nc5 20. Nxd3 Bc6 21. Re2 Nxd3 22. Qxd3 Bxf4 23. gxf4 Nxf4 24. Qe3 e5 25. Bxb6 Nxe2+ 26. Kf2 Qf7 0-1


[Site "https://www.chess.com"]

[Event "Titled Tuesday Blitz June 20 Early 2023"]
[White "Bharath Subramaniyam H"]
[Black "Tristan, Leonardo"]
[WhiteFideId "46634827"]
[BlackFideId "113816"]
[WhiteElo "2400"]
[BlackElo "2461"]
[Result "1-0"]
[Round "10"]
[TimeControl "180+2"]
[Date "2023.06.20"]
[WhiteClock "0:00:15"]
[BlackClock "0:00:04"]
[Board "25"]

1. b3 d5 2. Bb2 Bf5 3. d3 e6 4. Nd2 Nf6 5. g3 h6 6. Bg2 Bh7 7. e4 c6 8. Qe2 Be7 9. Ngf3 O-O 10. O-O a5 11. a3 Nbd7 12. Rad1 Qb6 13. Kh1 Qa6 14. e5 Ne8 15. Ne1 Nc7 16. f4 a4 17. b4 c5 18. bxc5 Nxc5 19. g4 Qb5 20. Rb1 Qa5 21. f5 Nb5 22. f6 Bd8 23. Qe3 Nd7 24. c4 Bb6 25. Qe2 Nc3 26. Bxc3 Qxc3 27. cxd5 Ba5 28. dxe6 Nxe5 29. e7 Rfe8 30. Ne4 Qxa3 31. Rxb7 Bxe1 32. Qxe1 Nxd3 33. Qg3 Ra5 34. fxg7 Kxg7 35. Nf6 Rxe7 36. Nh5+ Kh8 37. Rb8+ Bg8 38. Nf6 Rg5 39. h4 Rg7 40. g5 Qc3 41. Be4 Qe5 42. Qxe5 Nxe5 43. gxh6 Rg3 44. h7 Re6 45. hxg8=Q+ Rxg8 46. Rxg8# 1-0


[Site "https://www.chess.com"]

[Event "Titled Tuesday Blitz June 20 Early 2023"]
[White "Atakhan, Abtin"]
[Black "Galchenko, Matvey"]
[WhiteFideId "22502203"]
[BlackFideId "24175480"]
[WhiteElo "2008"]
[BlackElo "2423"]
[Result "1-0"]
[Round "10"]
[TimeControl "180+2"]
[Date "2023.06.20"]
[WhiteClock "0:00:06"]
[BlackClock "0:00:19"]
[Board "26"]

1. Nf3 c5 2. c4 g6 3. e4 Bg7 4. d4 cxd4 5. Nxd4 Nc6 6. Be3 Nf6 7. Nc3 O-O 8. Be2 d6 9. O-O Bd7 10. h3 Nxd4 11. Bxd4 Bc6 12. Qc2 a5 13. Rad1 a4 14. c5 Qa5 15. cxd6 exd6 16. Rfe1 a3 17. Bc4 axb2 18. Qxb2 Nh5 19. Nd5 Bxd5 20. Bxd5 Bxd4 21. Qxd4 Rad8 22. Qd2 Qa7 23. Rb1 Rd7 24. Qc3 Re8 25. g3 Rde7 26. Kg2 Qa6 27. Rb3 Qxa2 28. Ra1 Qe2 29. Rb2 Rc7 30. Qb3 Nf4+ 31. gxf4 Qh5 32. Rc2 Rce7 33. Qf3 Qh6 34. Rac1 Qg7 35. Rc7 Qf6 36. Rxe7 Rxe7 37. Rb1 Kg7 38. Rxb7 Rxb7 39. Bxb7 h5 40. Bd5 Qd4 41. Qe3 Qf6 42. Qd2 Kh7 43. Kg3 Qe7 44. h4 Qf6 45. Qe3 Kg7 46. e5 Qf5 47. Bf3 Qd7 48. exd6 f6 49. Qe7+ Qxe7 50. dxe7 Kf7 51. Be4 f5 52. Bd5+ Kxe7 53. Kf3 Kd6 54. Bf7 1-0


[Site "https://www.chess.com"]

[Event "Titled Tuesday Blitz June 20 Early 2023"]
[White "Timofeev, Artyom"]
[Black "Amilal Munkhdalai"]
[WhiteFideId "4140419"]
[BlackFideId "4903250"]
[WhiteElo "2570"]
[BlackElo "2293"]
[Result "0-1"]
[Round "10"]
[TimeControl "180+2"]
[Date "2023.06.20"]
[WhiteClock "0:00:05"]
[BlackClock "0:00:18"]
[Board "27"]

1. d4 Nf6 2. c4 e6 3. Nc3 Bb4 4. f3 c5 5. d5 b5 6. e4 bxc4 7. Bxc4 O-O 8. Ne2 Ba6 9. Bxa6 Nxa6 10. O-O c4 11. Kh1 Nc5 12. Be3 Re8 13. dxe6 dxe6 14. Qd4 Qxd4 15. Bxd4 Nd3 16. b3 e5 17. Be3 Rec8 18. Rfd1 Nb2 19. Rdb1 cxb3 20. Rxb2 Rxc3 21. Rxb3 Rxb3 22. axb3 a5 23. Kg1 Nd7 24. Kf2 Nc5 25. Bxc5 Bxc5+ 26. Kg3 Bb4 27. Rd1 Rc8 28. Nc1 f6 29. Nd3 Rd8 30. Nb2 Rb8 31. Nc4 Bc3 32. Kg4 Rxb3 33. h4 g6 34. h5 a4 35. h6 Bd4 36. Rd2 Rb4 37. Nd6 Kf8 38. Rc2 Ke7 39. Nc4 Ke6 40. g3 Rb3 41. f4 a3 42. Ra2 Bb2 43. f5+ gxf5+ 44. exf5+ Kd5 45. Nd2 Rd3 46. Nf3 Rd1 47. Kh5 Ra1 48. Rxa1 Bxa1 49. Nd2 Bd4 50. g4 a2 51. Nb3 Kc4 52. g5 Kxb3 53. g6 a1=Q 54. gxh7 Qg1 0-1


[Site "https://www.chess.com"]

[Event "Titled Tuesday Blitz June 20 Early 2023"]
[White "Xu, Yi"]
[Black "Gritsenko, Nikolai"]
[WhiteFideId "8605564"]
[BlackFideId "14112493"]
[WhiteElo "2460"]
[BlackElo "2389"]
[Result "0-1"]
[Round "10"]
[TimeControl "180+2"]
[Date "2023.06.20"]
[WhiteClock "0:00:00"]
[BlackClock "0:00:06"]
[Board "28"]

1. d4 d5 2. c4 Nc6 3. Nf3 Bg4 4. e3 e5 5. Nc3 exd4 6. Nxd5 Nf6 7. e4 Qd7 8. Bd3 Bb4+ 9. Bd2 Bxd2+ 10. Qxd2 O-O-O 11. O-O-O Rhe8 12. Rhe1 Kb8 13. a3 Bxf3 14. gxf3 Ne5 15. Qf4 Qd6 16. Kc2 c6 17. Nxf6 gxf6 18. Rg1 b5 19. cxb5 cxb5 20. Kb1 b4 21. Bb5 Re7 22. a4 b3 23. Rc1 a6 24. Bc4 Rb7 25. Bd5 Rb6 26. Qd2 Qb4 27. Qxb4 Rxb4 28. Rg7 Rd7 29. Rxh7 d3 30. Rd1 Rd4 31. f4 Ng4 32. Bxb3 Nxf2 33. Rd2 Nxe4 34. Rd1 d2 35. Kc2 Nf2 36. Rh8+ Kb7 37. h4 Rc7+ 38. Kb1 Nxd1 0-1


[Site "https://www.chess.com"]

[Event "Titled Tuesday Blitz June 20 Early 2023"]
[White "Ning, Kaiyu"]
[Black "Quesada Perez, Yuniesky"]
[WhiteFideId "8614750"]
[BlackFideId "3504409"]
[WhiteElo "2287"]
[BlackElo "2585"]
[Result "1-0"]
[Round "10"]
[TimeControl "180+2"]
[Date "2023.06.20"]
[WhiteClock "0:00:06"]
[BlackClock "0:00:00"]
[Board "29"]

1. e4 d5 2. exd5 Qxd5 3. Nc3 Qa5 4. d4 Nf6 5. Nf3 Bf5 6. Bc4 e6 7. Bd2 Bb4 8. Ne5 Nbd7 9. f4 Nxe5 10. fxe5 Nd5 11. Nxd5 exd5 12. Bb3 c6 13. c3 Be7 14. O-O Bg6 15. Bc2 O-O 16. Bxg6 hxg6 17. Qg4 Qc7 18. e6 Bf6 19. Bf4 Qe7 20. Rae1 Rae8 21. exf7+ Qxf7 22. Be5 Re6 23. h3 Rfe8 24. Rd1 R8e7 25. Bxf6 gxf6 26. Rd3 Re4 27. Qg3 Kg7 28. Rdf3 f5 29. Qb8 Re2 30. R1f2 Rxf2 31. Rxf2 a6 32. Qg3 Qe6 33. Kh2 Qe3 34. Rf3 Qe1 35. Qg5 Qe6 36. Rxf5 Qxf5 37. Qxe7+ Kh6 38. Qe3+ Kh7 39. Kg3 Qf7 40. Qf2 Qe7 41. Kh2 Qd6+ 42. Kg1 Qe7 43. Kf1 Kg7 44. Qe2 Qf7+ 45. Ke1 Kh7 46. Kd2 Qf4+ 47. Kc2 Qf5+ 48. Kb3 Qf7 49. a3 Qc7 50. Ka2 a5 51. a4 Qd7 52. Qf3 1-0


[Site "https://www.chess.com"]

[Event "Titled Tuesday Blitz June 20 Early 2023"]
[White "Mendonca, Leon Luke"]
[Black "Begmuratov, Alisher"]
[WhiteFideId "35028561"]
[BlackFideId "14203367"]
[WhiteElo "2464"]
[BlackElo "2387"]
[Result "1-0"]
[Round "10"]
[TimeControl "180+2"]
[Date "2023.06.20"]
[WhiteClock "0:00:20"]
[BlackClock "0:00:09"]
[Board "30"]

1. e4 e5 2. Nf3 Nc6 3. Bc4 Bc5 4. d3 Nf6 5. h3 h6 6. a4 O-O 7. O-O a5 8. Re1 d6 9. Nbd2 Be6 10. c3 Ba7 11. Qb3 Qd7 12. Nf1 Bxc4 13. Qxc4 Nh5 14. Be3 Kh8 15. Bxa7 Rxa7 16. Ne3 Nf4 17. Rad1 Qe6 18. Qb5 Ra6 19. Nd5 Qc8 20. Nxf4 exf4 21. Rd2 Rb6 22. Qh5 Kg8 23. d4 Qd8 24. Qf5 Ne7 25. Qxf4 Qd7 26. Ra1 Ng6 27. Qe3 Re8 28. Re2 Qc6 29. h4 Ra6 30. h5 Nf8 31. Qd3 Raa8 32. Qb5 Qxb5 33. axb5 b6 34. Nd2 Nd7 35. g4 Nf6 36. f3 Nd7 37. Kf2 Rac8 38. Nc4 Rb8 39. Ne3 Rbc8 40. Nd5 c6 41. bxc6 Rxc6 42. Ke3 Kf8 43. Kd3 Rb8 44. b4 axb4 45. Nxb4 Rcc8 46. Nd5 b5 47. Rb2 Nf6 48. Nxf6 gxf6 49. Rab1 Ra8 50. Rxb5 Ra3 51. R1b3 Ra1 52. Rb8 Rxb8 53. Rxb8+ Kg7 54. Rb6 Rf1 55. Ke2 Rc1 56. Rc6 Rc2+ 57. Kd3 Rf2 58. Ke3 Rc2 59. Kf4 Rc1 60. Kf5 Rf1 61. f4 Rc1 62. d5 Rc2 63. Rxd6 Rxc3 64. Rxf6 Rc4 65. Ra6 Rd4 66. d6 Rd3 67. e5 Rd5 68. Ra7 Rc5 69. Ke4 Rc4+ 70. Kd5 Rxf4 71. d7 Rf1 72. Ra4 1-0


[Site "https://www.chess.com"]

[Event "Titled Tuesday Blitz June 20 Early 2023"]
[White "Munkhgal, Gombosuren"]
[Black "Zemlyanskii, Ivan"]
[WhiteFideId "4901266"]
[BlackFideId "24249971"]
[WhiteElo "2528"]
[BlackElo "2421"]
[Result "1/2-1/2"]
[Round "10"]
[TimeControl "180+2"]
[Date "2023.06.20"]
[WhiteClock "0:00:02"]
[BlackClock "0:00:04"]
[Board "31"]

1. d4 d5 2. Bf4 Nf6 3. e3 c5 4. dxc5 Nc6 5. Bb5 Qa5+ 6. Nc3 a6 7. Bxc6+ bxc6 8. Qd4 Nd7 9. b4 Qd8 10. Nf3 f6 11. Qd2 e5 12. Bg3 a5 13. b5 Bxc5 14. bxc6 Nb6 15. O-O Qd6 16. e4 d4 17. Nd5 Qxc6 18. c3 dxc3 19. Nxc3 O-O 20. Nd5 Be6 21. Rfd1 Rfd8 22. Qc2 Nxd5 23. exd5 Bxd5 24. Rac1 Rac8 25. Ne1 Qa8 26. Qf5 Bd4 27. h4 Qa6 28. Rxc8 Rxc8 29. Rxd4 exd4 30. Qxd5+ Kh8 31. Qxd4 Qe6 32. Qd2 a4 33. h5 h6 34. Nf3 Qf5 35. Nh4 Qxh5 36. Qd3 Rc1+ 37. Kh2 g5 38. Qf5 Kg7 39. Qd7+ Kg8 40. Qd5+ Kg7 41. f4 Qf7 42. Nf5+ Kg6 43. Qe4 Qc4 44. Ne7+ Kf7 45. Qh7+ Ke8 46. Nf5 Qc5 47. Qg8+ Kd7 48. Qf7+ Kc6 49. Qe8+ Kb6 50. Qe6+ Ka5 51. fxg5 Qg1+ 52. Kh3 Qh1+ 53. Bh2 hxg5 54. Qd5+ Kb4 55. Qd4+ Kb5 56. Nd6+ Kc6 57. Ne4 g4+ 58. Kg3 Qe1+ 59. Kxg4 Qe2+ 60. Kh3 Qh5+ 61. Kg3 Qg6+ 62. Kf3 Qh5+ 63. Kg3 Qg6+ 64. Kf2 Qf5+ 65. Ke3 Qd5 66. Qxf6+ Kb7 67. Qe7+ Ka6 68. Qd6+ Qxd6 69. Bxd6 Rc2 70. a3 Rxg2 71. Kd4 Kb5 72. Bb4 Rg4 73. Kd5 Rh4 74. Nc3+ Ka6 75. Kc5 Rh5+ 76. Kc4 Rh4+ 77. Kd3 Kb6 78. Nxa4+ Kc6 79. Nc3 Rh3+ 80. Kc2 Rh4 81. Kb3 Kb6 82. a4 Ka6 83. Ka3 Rh1 84. Kb3 Rh5 85. Ne4 Kb6 86. Nd2 Rh3+ 87. Kc4 Rh4+ 88. Kb3 Rh3+ 89. Bc3 Kc5 90. Ne4+ Kb6 91. Nd2 Kc5 92. Kc2 Rh4 93. Nb3+ Kb6 94. a5+ Kb5 95. Nd2 Ra4 96. Kb3 Rxa5 97. Bxa5 Kxa5 1/2-1/2


[Site "https://www.chess.com"]

[Event "Titled Tuesday Blitz June 20 Early 2023"]
[White "Pakleza, Zbigniew"]
[Black "Idani, Pouya"]
[WhiteFideId "1119290"]
[BlackFideId "12510130"]
[WhiteElo "2410"]
[BlackElo "2574"]
[Result "0-1"]
[Round "10"]
[TimeControl "180+2"]
[Date "2023.06.20"]
[WhiteClock "0:00:00"]
[BlackClock "0:00:18"]
[Board "32"]

1. d4 Nf6 2. Nf3 d5 3. Bf4 c5 4. c3 Nc6 5. Nbd2 cxd4 6. cxd4 Bf5 7. e3 e6 8. Qb3 Qb6 9. Qxb6 axb6 10. Bb5 Nd7 11. Ke2 Na7 12. a4 Bb4 13. Rhc1 Nxb5 14. axb5 Ke7 15. Rxa8 Rxa8 16. Rc7 Bd6 17. Rxb7 Bxf4 18. exf4 f6 19. Nh4 Kd6 20. Nxf5+ exf5 21. Kd3 Ra5 22. Kc3 Ra1 23. g3 Rh1 24. Kd3 Rxh2 25. Ke2 g5 26. Nf1 Rh1 27. Ne3 gxf4 28. Nxf5+ Ke6 29. Ng7+ Ke7 30. gxf4 Rb1 31. Nf5+ Kd8 32. Ra7 Rxb2+ 33. Kf3 h5 34. Ra8+ Kc7 35. Ra7+ Kc8 36. Ne7+ Kd8 37. Nxd5 Ke8 38. f5 Rb3+ 39. Ke4 h4 40. Ra8+ Kf7 41. Ra7 Ke8 42. Ra8+ Kf7 43. Rh8 Nf8 44. Nxb6 Rxb5 45. Nc4 Kg7 46. Rxh4 Nh7 47. Nd6 Rb1 48. Rg4+ Kf8 49. Kd5 Ng5 50. Ne4 Rb5+ 0-1


[Site "https://www.chess.com"]

[Event "Titled Tuesday Blitz June 20 Early 2023"]
[White "Weetik, Vjacheslav"]
[Black "Jakubowski, Krzysztof"]
[WhiteFideId "4153472"]
[BlackFideId "1112848"]
[WhiteElo "2469"]
[BlackElo "2359"]
[Result "0-1"]
[Round "10"]
[TimeControl "180+2"]
[Date "2023.06.20"]
[WhiteClock "0:00:07"]
[BlackClock "0:00:06"]
[Board "33"]

1. d4 Nf6 2. c4 e6 3. g3 d5 4. Nf3 dxc4 5. Bg2 a6 6. O-O Nc6 7. Nc3 Rb8 8. e4 Nb4 9. b3 b5 10. bxc4 bxc4 11. Ne5 Bd7 12. d5 exd5 13. exd5 Be7 14. Nxc4 Bb5 15. Nxb5 axb5 16. Ne5 Bd6 17. Nc6 Nxc6 18. dxc6 O-O 19. Bb2 b4 20. Qf3 Ra8 21. Rfe1 Re8 22. Rxe8+ Nxe8 23. h4 Qe7 24. Qb3 Bc5 25. Bf3 Nd6 26. Kg2 Nf5 27. Qd5 g6 28. Rd1 h5 29. Bxh5 Nxh4+ 30. gxh4 gxh5 31. Rd3 Bd6 32. Qxh5 Qe4+ 33. Rf3 Qh7 34. Qg5+ Qg6 35. Bf6 Rxa2 36. Re3 Qxg5+ 37. hxg5 Kh7 38. Rh3+ Kg6 39. Rh6+ Kf5 40. Rh7 Ke6 41. Rh8 Bc5 42. Re8+ Kf5 43. Rc8 Rxf2+ 44. Kg3 Rc2 45. Kf3 Bd6 46. Rb8 Rxc6 47. Rb5+ Kg6 48. Ke4 Rb6 49. Ra5 b3 50. Ra1 Rb4+ 51. Kd5 b2 52. Rb1 Rb3 53. Kc4 Rb8 54. Kd5 Kf5 55. Rf1+ Kg6 56. Rb1 Rb5+ 57. Kc4 Rb6 58. Kd5 Ba3 59. Kc4 c6 60. Bd4 Rb5 61. Kd3 Be7 62. Rxb2 Rxb2 63. Bxb2 Bxg5 64. Ke4 Be7 65. Be5 f5+ 66. Kd3 Kf7 67. Kc4 Ke6 68. Bg3 Bd6 69. Bf2 f4 70. Kd4 Kf5 71. Be1 f3 72. Ke3 Kg4 0-1


[Site "https://www.chess.com"]

[Event "Titled Tuesday Blitz June 20 Early 2023"]
[White "Akhmedinov, Satbek"]
[Black "Seo, Jung Min"]
[WhiteFideId "13714287"]
[BlackFideId "1734687"]
[WhiteElo "1998"]
[BlackElo "2468"]
[Result "0-1"]
[Round "10"]
[TimeControl "180+2"]
[Date "2023.06.20"]
[WhiteClock "0:01:01"]
[BlackClock "0:01:28"]
[Board "34"]

1. e4 e5 2. Nf3 Nc6 3. Bc4 Nf6 4. Ng5 d5 5. exd5 Na5 6. Bb5+ c6 7. dxc6 bxc6 8. Be2 h6 9. Nh3 Bc5 10. c3 Nb7 11. O-O O-O 12. Kh1 Bxh3 13. gxh3 Qd7 14. Bg4 Nxg4 15. Qxg4 f5 16. Qg2 e4 17. b4 Bb6 18. d4 exd3 19. Bxh6 Rf6 20. Bg5 Re6 21. Nd2 Nd6 22. Rae1 Rae8 23. Nf3 Re2 24. Bf4 Ne4 25. Ne5 Qd5 26. Rd1 Rxe5 27. Bxe5 Qxe5 28. Rfe1 Nxf2+ 29. Qxf2 Bxf2 0-1


[Site "https://www.chess.com"]

[Event "Titled Tuesday Blitz June 20 Early 2023"]
[White "angelgab3"]
[Black "Rohith Krishna S"]
[BlackFideId "46617051"]
[WhiteElo "2550"]
[BlackElo "2270"]
[Result "0-1"]
[Round "10"]
[TimeControl "180+2"]
[Date "2023.06.20"]
[WhiteClock "0:01:22"]
[BlackClock "0:01:38"]
[Board "35"]

1. e4 e5 2. Nf3 Nc6 3. Bb5 Nge7 4. O-O a6 5. Ba4 d6 6. c3 Ng6 7. d4 Bd7 8. Nbd2 h6 9. Re1 Be7 10. Nf1 Bg5 11. Ng3 Bxc1 12. Rxc1 b5 13. Bb3 Nf4 14. Bd5 Qf6 15. dxe5 dxe5 16. Nf5 O-O 17. Ne3 Rad8 18. g3 Nh3+ 19. Kg2 Ne7 20. Nh4 Qxf2+ 21. Kh1 Qxb2 22. Qf3 Nxd5 23. Nxd5 Be6 24. Nf5 Qf2 25. Qxf2 Nxf2+ 26. Kg2 Nd3 0-1


[Site "https://www.chess.com"]

[Event "Titled Tuesday Blitz June 20 Early 2023"]
[White "Asavasaetakul, Chawit"]
[Black "Lavrik, Dmitry"]
[WhiteFideId "6204856"]
[BlackFideId "24113190"]
[WhiteElo "1919"]
[BlackElo "2345"]
[Result "1-0"]
[Round "10"]
[TimeControl "180+2"]
[Date "2023.06.20"]
[WhiteClock "0:01:19"]
[BlackClock "0:00:00"]
[Board "36"]

1. e4 c5 2. c3 Nf6 3. e5 Nd5 4. d4 cxd4 5. cxd4 d6 6. Nf3 e6 7. Bc4 Be7 8. O-O O-O 9. Qe2 b6 10. Nc3 Nxc3 11. bxc3 Bb7 12. Rd1 Nd7 13. d5 b5 14. Bb3 Nc5 15. dxe6 fxe6 16. exd6 Bxd6 17. Ng5 Qc7 18. Bxe6+ Kh8 19. Qh5 h6 20. Qg6 Bxh2+ 21. Kh1 Bxg2+ 22. Kxg2 Rxf2+ 23. Kh1 Qc6+ 24. Rd5 1-0


[Site "https://www.chess.com"]

[Event "Titled Tuesday Blitz June 20 Early 2023"]
[White "Howell, David W L"]
[Black "djokovic74"]
[WhiteFideId "410608"]
[WhiteElo "2567"]
[BlackElo "2641"]
[Result "1-0"]
[Round "10"]
[TimeControl "180+2"]
[Date "2023.06.20"]
[WhiteClock "0:00:11"]
[BlackClock "0:00:00"]
[Board "37"]

1. d4 e6 2. Bf4 Nf6 3. e3 d5 4. Nf3 c5 5. c3 Qb6 6. Qb3 Bd7 7. Nbd2 Bc6 8. h3 Nbd7 9. Be2 Be7 10. O-O O-O 11. Rfe1 a5 12. a4 Rfc8 13. Ne5 Qxb3 14. Nxb3 Nxe5 15. Bxe5 Nd7 16. Bg3 b6 17. Ra2 Nf6 18. Nd2 Ne8 19. Bd3 Bd6 20. Kh2 Bxg3+ 21. Kxg3 Nd6 22. h4 f6 23. f3 Be8 24. Kf2 Bg6 25. Bf1 h5 26. Nb3 Kf7 27. Nc1 Rab8 28. Rd1 Bf5 29. Ne2 Bc2 30. Rc1 Bb3 31. Ra3 c4 32. Ke1 Ra8 33. Kd2 b5 34. axb5 Nxb5 35. Raa1 a4 36. e4 Ra7 37. exd5 exd5 38. Nf4 Nc7 39. g3 g6 40. Bh3 Rca8 41. Ra3 g5 42. hxg5 fxg5 43. Nxh5 Nb5 44. Raa1 a3 45. bxa3 Rxa3 46. Rxa3 Rxa3 47. f4 Ra2+ 48. Ke3 Rh2 49. Bg4 Bc2 50. fxg5 Nxc3 51. Nf4 Na2 52. Rf1 Kg7 53. Ne6+ Kg8 54. Rf8+ Kh7 55. Rf7+ Kg8 56. Rg7+ Kh8 57. g6 c3 58. Kf4 Nb4 59. Kg5 Be4 60. Rc7 Bxg6 61. Kxg6 1-0


[Site "https://www.chess.com"]

[Event "Titled Tuesday Blitz June 20 Early 2023"]
[White "Nogerbek, Kazybek"]
[Black "Korchmar, Vasiliy"]
[WhiteFideId "13710427"]
[BlackFideId "24131750"]
[WhiteElo "2498"]
[BlackElo "2370"]
[Result "0-1"]
[Round "10"]
[TimeControl "180+2"]
[Date "2023.06.20"]
[WhiteClock "0:01:37"]
[BlackClock "0:00:41"]
[Board "38"]

1. d4 d5 2. Nc3 Nf6 3. Bf4 a6 4. e3 b5 5. Bd3 Bb7 6. a4 b4 7. Nce2 e6 8. a5 Nbd7 9. c3 c5 10. Nf3 c4 11. Bc2 b3 12. Bb1 Be7 13. Ng3 O-O 14. h4 Rc8 15. Qe2 Re8 16. Rh3 Bf8 17. Kf1 Ne4 18. Bxe4 dxe4 19. Ng5 h6 20. N5xe4 e5 21. dxe5 Nxe5 22. Rd1 Nd3 23. f3 Qxa5 24. Bd6 Bxe4 25. Nxe4 Rxe4 26. Bxf8 Re6 27. Ba3 Nf4 28. exf4 Rxe2 29. Kxe2 Qf5 30. Rg3 Qc2+ 31. Rd2 Re8+ 0-1


[Site "https://www.chess.com"]

[Event "Titled Tuesday Blitz June 20 Early 2023"]
[White "Baskakov, Egor"]
[Black "Eugene, Floryan"]
[WhiteFideId "24197866"]
[BlackFideId "20694784"]
[WhiteElo "2225"]
[BlackElo "2369"]
[Result "0-1"]
[Round "10"]
[TimeControl "180+2"]
[Date "2023.06.20"]
[WhiteClock "0:00:16"]
[BlackClock "0:00:18"]
[Board "39"]

1. e4 c5 2. Nf3 Nc6 3. Nc3 Nf6 4. e5 Ng4 5. Qe2 f6 6. exf6 Nxf6 7. g3 e6 8. Bg2 d5 9. O-O Bd6 10. d4 O-O 11. dxc5 Bxc5 12. Bg5 Qe8 13. Rad1 Qh5 14. Bf4 Bd7 15. h3 Rae8 16. Ne5 Qxe2 17. Nxe2 Nxe5 18. Bxe5 Bb5 19. Rd2 Ne4 20. Bxe4 dxe4 21. Bf4 Rxf4 22. Nxf4 e3 23. fxe3 Bxe3+ 24. Rff2 g5 25. Nd3 e5 26. a4 Bxa4 27. Re2 Bxf2+ 28. Kxf2 e4 29. Nc5 Bc6 30. Ke3 b6 31. Nb3 Rf8 32. Nd4 Bb7 33. b3 Rf1 34. c4 Kf7 35. Ra2 a6 36. b4 Rd1 37. Ra3 Rc1 38. b5 a5 39. Nf5 Ke6 40. g4 Rxc4 41. Ra1 Rc3+ 42. Kd4 Rd3+ 43. Kc4 Bd5# 0-1


[Site "https://www.chess.com"]

[Event "Titled Tuesday Blitz June 20 Early 2023"]
[White "Sethuraman, S.P."]
[Black "ATM622"]
[WhiteFideId "5021596"]
[WhiteElo "2543"]
[BlackElo "2631"]
[Result "1-0"]
[Round "10"]
[TimeControl "180+2"]
[Date "2023.06.20"]
[WhiteClock "0:01:35"]
[BlackClock "0:00:27"]
[Board "40"]

1. d4 Nf6 2. c4 e6 3. Nc3 Bb4 4. a3 Bxc3+ 5. bxc3 O-O 6. e3 b6 7. Bd3 Bb7 8. f3 d5 9. cxd5 exd5 10. Ne2 c5 11. g4 c4 12. Bb1 Nc6 13. Kf2 Re8 14. Ng3 Na5 15. Ra2 Bc6 16. h4 Nb3 17. Re2 Ba4 18. Qe1 Qc7 19. Bb2 Bd7 20. g5 Ng4+ 21. fxg4 Bxg4 22. Kg2 Bxe2 23. Qxe2 b5 24. Qf2 a5 25. h5 b4 26. h6 Qe7 27. Bxh7+ Kxh7 28. hxg7+ Kg8 29. Qf6 1-0


[Site "https://www.chess.com"]